 Dungeon Crawl Stone Soup version 0.31-a0-816-gd61d57ddb1 (webtiles) character file.

Game seed: 4073785168840563599

58 Essalna the Conjurer (level 3, 0/24 HPs)
             Began as a Demonspawn Conjurer on Sept 22, 2023.
             Slain by a hobgoblin
             ... wielding a +0 rapier
              (7 damage)
             ... on level 3 of the Dungeon.
             The game lasted 00:02:43 (1915 turns).

Essalna the Conjurer (Demonspawn Conjurer)          Turns: 1915, Time: 00:02:44

Health: 0/24       AC:  2    Str:  7    XL:     3   Next: 75%
Magic:  0/7        EV: 12    Int: 21    God:
Gold:   89         SH:  0    Dex: 11    Spells: 7/8 levels left

rFire   . . .        f - +0 club
rCold   . . .        (no shield)
rNeg    . . .        a - +0 robe
rPois   .            (no helmet)
rElec   .            (no cloak)
rCorr   .            (no gloves)
SInv    .            (no boots)
Will    .....        (no amulet)
Stlth   ++           (no ring)
HPRegen 0.24/turn    (no ring)
MPRegen 0.20/turn

%: guardian spirit
@: no status effects
A: magic shield, magic regeneration
a: no special abilities


You were on level 3 of the Dungeon.
You visited 1 branch of the dungeon, and saw 3 of its levels.

You collected 89 gold pieces.

Inventory:

Hand Weapons
 f - a +0 club (weapon)
Armour
 a - a +0 robe (worn)
Scrolls
 e - 3 scrolls of teleportation {unknown}
 g - a scroll of enchant weapon {unknown}
 i - a scroll of brand weapon {unknown}
 k - a scroll of identify {unknown}
 l - a scroll of vulnerability {unknown}
 m - a scroll of revelation {unknown}
 o - a scroll of enchant armour {unknown}
Potions
 b - a potion of magic
 c - a potion of brilliance {unknown}
 d - 2 potions of curing {unknown}
 h - a potion of degeneration {unknown}
 j - a potion of attraction {unknown}
 n - a potion of invisibility {unknown}


   Skills:
 - Level 1.7 Dodging
 - Level 1.7 Stealth
 + Level 3.1 Spellcasting
 + Level 4.7 Conjurations


You had 7 spell levels left.
You knew the following spells:

 Your Spells              Type           Power      Damage    Failure   Level
a - Magic Dart            Conj           92%        1d7       1%          1

Your spell library contained the following spells:

 Spells                   Type           Power      Damage    Failure   Level
 Searing Ray              Conj           46%        2d6       2%          2
 Static Discharge         Conj/Air       26%        2-4/arc   8%          2
 Dazzling Flash           Conj/Hex       26%        N/A       16%         3
 Fulminant Prism          Conj/Hex       6%         3d6       45%         4
 Iskenderun's Mystic Bla  Conj/Tloc      13%        2d5       45%         4
 Airstrike                Air            1%         2d(1-17)  78%         4
 Summon Lightning Spire   Summ/Air       3%         N/A       78%         4


Dungeon Overview and Level Annotations

Branches:
Dungeon (3/15)

Altars:


Innate Abilities, Weirdness & Mutations

When hurt, damage is shared between your health and your magic reserves.
You regenerate magic rapidly.


Message History

Found a whip.
Found a stone staircase leading down.
Key pressed, stopping explore.
Found a cloak.
A hobgoblin comes into view. It is wielding a +0 rapier.
Found a pair of gloves.
Found a stone staircase leading up.
The hobgoblin shouts!
You see here the +2 robe of the Villain {Rampage Drain rElec Dex+3}.
The magic dart hits the hobgoblin.
The hobgoblin is lightly wounded.
The magic dart hits the hobgoblin but does no damage.
The hobgoblin is lightly wounded.
The magic dart hits the hobgoblin but does no damage.
The hobgoblin is lightly wounded.
The hobgoblin hits you with a +0 rapier.
The magic dart hits the hobgoblin.
The hobgoblin is moderately wounded.
An orc comes into view. It is wielding a +0 short sword.
The hobgoblin hits you with a +0 rapier!
You are too injured to fight recklessly!
You are too injured to fight recklessly!
You are too injured to fight recklessly!
Casting: Magic Dart (safe; 1% risk of failure)
Confirm with . or Enter, or press ? or * to list all spells.
Aiming: Magic Dart (safe; 1% risk of failure)
Press: ? - help, Shift-Dir - straight line, f/p - hobgoblin
Aim: a hobgoblin, wielding a +0 rapier (moderately wounded, 100% to hit)
The magic dart hits the hobgoblin.
The hobgoblin is severely wounded.
The hobgoblin hits you with a +0 rapier!
* * * LOW HITPOINT WARNING * * *
Casting: Magic Dart (safe; 1% risk of failure)
Confirm with . or Enter, or press ? or * to list all spells.
Aiming: Magic Dart (safe; 1% risk of failure)
Press: ? - help, Shift-Dir - straight line, f/p - hobgoblin
Aim: a hobgoblin, wielding a +0 rapier (severely wounded, 100% to hit)
The magic dart hits the hobgoblin.
The hobgoblin is almost dead.
The hobgoblin hits you with a +0 rapier!
You die...

......#...................#
......#...................#
..........................#
..........................#
######...................##
##....>.....#########
#.......)....
#####..##########.
#.....@.......
#.#####g...... #.. .......
### ....... ..[.... ....o..
..<.... +......


You could see an orc and a hobgoblin.

Vanquished Creatures
  A worm (D:2)
  3 dart slugs
  3 bats (D:1)
  An endoplasm (D:2)
  A giant cockroach (D:1)
  10 goblins
  3 hobgoblins
  5 jackals
  A quokka (D:2)
  5 ball pythons
  4 frilled lizards
  4 kobolds
  5 rats
46 creatures vanquished.

Notes
Turn   | Place    | Note
-------+----------+-------------------------------------------
     0 | D:1      | Essalna the Demonspawn Conjurer began the quest for the
                  | Orb.
     0 | D:1      | Reached XP level 1. HP: 13/13 MP: 3/3
   335 | D:1      | Gained mutation: You regenerate magic rapidly. [demonic
                  | ancestry]
   335 | D:1      | Reached XP level 2. HP: 19/19 MP: 3/5
   769 | D:1      | Gained mutation: When hurt, damage is shared between your
                  | health and your magic reserves. [demonic ancestry]
   769 | D:1      | Reached XP level 3. HP: 24/24 MP: 5/7
  1909 | D:3      | Identified the +2 robe of the Villain {Rampage Drain rElec
                  | Dex+3}
  1915 | D:3      | Slain by a hobgoblin

Illustrated notes

Levels and vault maps discovered:
D:1:      tekkud_arrival_beachfront_property, layout_basic
D:2:      layout_loops_cross, minmay_ruptured
D:3:      layout_basic, minitemple, minmay_quadrilaterals

Skill      XL: |  1  2  3 |
---------------+----------+-----
Spellcasting   | 3 |  3.1
Dodging        | |  1.7
Stealth        | |  1.7
Conjurations   | |  4.7

Action                     || total
---------------------------++-------
  Melee: Unarmed           ||     4
         Club              ||    22
   Cast: Magic Dart        ||    80
 Armour: Robe              ||    25
  Dodge: Dodged            ||    23

Table legend: (Time is in decaauts)
 A = Elapsed time spent in this place.
 B = Non-inter-level travel time spent in this place.
 C = Inter-level travel time spent in this place.
 D = Time resting spent in this place.
 E = Time spent auto-exploring this place.
 F = Levels seen in this place.
 G = Mean time per level.
                   A        B        C        D        E       F      G
               +--------+--------+--------+--------+--------+-----+--------+
         Total |   1921 |   1898 |     23 |      0 |   1682 |   3 |  640.3 |
       Dungeon |   1921 |   1898 |     23 |      0 |   1682 |   3 |  640.3 |
               +--------+--------+--------+--------+--------+-----+--------+

Top non-repeatable levels by time:
     D:1: 1070 daAuts
     D:2: 723 daAuts
     D:3: 127 daAuts
